 Dungeon Crawl Stone Soup version 0.31-a0-161-gb58dd9be76 (webtiles) character file.

Game seed: 14245789941606267090

77 qw the Shooter (level 4, -1/40 HPs)
             Began as a Naga Hunter on June 12, 2023.
             Slain by an ice beast (3 damage)
             ... on level 4 of the Dungeon.
             The game lasted 00:00:45 (2303 turns).

qw the Shooter (Naga Hunter)                        Turns: 2303, Time: 00:00:45

Health: -1/40      AC:  6    Str: 13    XL:     4   Next: 34%
Magic:  4/4        EV:  9    Int:  9    God:
Gold:   135        SH:  0    Dex: 17    Spells: 3/3 levels left

rFire   . . .        Y - +0 shortbow
rCold   . . .        (shield currently unavailable)
rNeg    . . .        c - +0 leather armour
rPois   +            (no helmet)
rElec   .            (no cloak)
rCorr   +            (no gloves)
SInv    +            (no barding)
Will    .....        (no amulet)
Stlth   ++           d - ring of resist corrosion
HPRegen 0.26/turn    a - +4 ring of protection
MPRegen 0.09/turn

%: no passive effects
@: very slow
A: AC +1, large, see invisible, deformed body, poison resistance, slowness 2,
spit poison 1, naga tail 1
a: Spit Poison


You were on level 4 of the Dungeon.
You visited 1 branch of the dungeon, and saw 4 of its levels.

You collected 135 gold pieces.


Innate Abilities, Weirdness & Mutations

Your serpentine skin is tough. (AC +1)
You have supernaturally acute eyesight. (SInv)
Armour fits poorly on your strangely shaped body.
Your system is resistant to poisons. (rPois)
You cover ground very slowly.
You can spit poison.
You have a snake-like lower body.


   Skills:
 + Level 2.5 Fighting
 - Level 5.0 Ranged Weapons
 - Level 1.5 Dodging
 - Level 1.5 Stealth


You had 3 spell levels left.
You didn't know any spells.
Your spell library was empty.

Inventory:

Hand Weapons
 Y - a +0 shortbow (weapon)
Armour
 c - a +0 leather armour (worn)
Jewellery
 a - a +4 ring of protection (right hand)
 d - a ring of resist corrosion (left hand)
Scrolls
 j - a scroll of identify
Potions
 b - a potion of curing
 e - a potion of might {unknown}

Dungeon Overview and Level Annotations

Branches:
Dungeon (4/15)
 Temple: D:4-7

Altars:

Annotations:
D:3 1 runed translucent door, qw's ghost, amateur GrHu


Message History

The ice beast moves out of view.
You shoot an arrow. The arrow hits the ice beast.
The ice beast is lightly wounded.
You shoot an arrow. The arrow closely misses the ice beast.
You shoot an arrow. The arrow hits the ice beast.
The ice beast is lightly wounded.
The ice beast closely misses you.
The ice beast hits you but does no damage.
You shoot an arrow. The arrow barely misses the ice beast.
The ice beast closely misses you.
You shoot an arrow. The arrow barely misses the ice beast.
The ice beast hits you. The ice beast freezes you!
You shoot an arrow.
The arrow hits the ice beast but does no damage.
The ice beast is lightly wounded.
The ice beast hits you but does no damage.
You shoot an arrow. The arrow hits the ice beast.
The ice beast is moderately wounded.
The ice beast hits you but does no damage.
The ice beast completely misses you.
You shoot an arrow.
The arrow hits the ice beast but does no damage.
The ice beast is moderately wounded.
The ice beast barely misses you.
You shoot an arrow. The arrow hits the ice beast.
The ice beast is heavily wounded.
The ice beast hits you but does no damage.
You shoot an arrow. The arrow hits the ice beast!
The ice beast is almost dead.
The ice beast barely misses you.
You shoot an arrow.
The arrow hits the ice beast but does no damage.
The ice beast is almost dead.
The ice beast hits you. The ice beast freezes you!
You shoot an arrow. The arrow closely misses the ice beast.
The ice beast closely misses you. The ice beast hits you.
The ice beast freezes you!
You shoot an arrow. The arrow closely misses the ice beast.
The ice beast hits you.
You die...

..... . .... .. ...
#..). ...##.. #.#.#
.....[.## #.#.#####
#.....## #........
#....####...#...#
###.#.#@..........#
......Y.........#
..###.#...###<.####
##......##......#
#.......#..####.#
....###....## .#
..##.#........# ##
.<..###.##.# #...#
#.# ..#


You could see an ice beast.

Vanquished Creatures
  An adder (D:2)
  2 worms (D:2)
  A dart slug (D:1)
  4 orcs (D:3)
  6 ball pythons
  4 endoplasms
  2 giant cockroaches (D:1)
  6 hobgoblins
  A quokka (D:1)
  6 bats
  4 frilled lizards
  9 goblins
  3 kobolds (D:1)
  5 rats
54 creatures vanquished.

Notes
Turn   | Place    | Note
-------+----------+-------------------------------------------
     0 | D:1      | qw the Naga Hunter began the quest for the Orb.
     0 | D:1      | Reached XP level 1. HP: 19/19 MP: 1/1
     0 | D:1      | 0 ||| qw: Version: 0.2-a-29-gc1b59c4
     0 | D:1      | 0 ||| qw: Game counter: 4208
     0 | D:1      | 0 ||| qw: Always use a shield: true
     0 | D:1      | 0 ||| qw: God list: Okawaru
     0 | D:1      | 0 ||| qw: Allow faded altars: false
     0 | D:1      | 0 ||| qw: Do Orc after D:15 true
     0 | D:1      | 0 ||| qw: Do second Lair branch before Depths: true
     0 | D:1      | 0 ||| qw: Lair rune preference: random
     0 | D:1      | 0 ||| qw: Plans: Normal
     0 | D:1      | 0 ||| PLANNING D:1-11
    24 | D:1      | 24 ||| INVOKING Spit Poison.
    28 | D:1      | 28 ||| INVOKING Spit Poison.
    31 | D:1      | 31 ||| INVOKING Spit Poison.
    67 | D:1      | 67 ||| INVOKING Spit Poison.
    71 | D:1      | 71 ||| INVOKING Spit Poison.
    72 | D:1      | 72 ||| INVOKING Spit Poison.
   109 | D:1      | 109 ||| INVOKING Spit Poison.
   110 | D:1      | Reached skill level 4 in Ranged Weapons
   110 | D:1      | Reached XP level 2. HP: 26/26 MP: 2/2
   117 | D:1      | 117 ||| INVOKING Spit Poison.
   120 | D:1      | 120 ||| INVOKING Spit Poison.
   125 | D:1      | 125 ||| INVOKING Spit Poison.
   140 | D:1      | 140 ||| INVOKING Spit Poison.
   187 | D:1      | 187 ||| INVOKING Spit Poison.
   195 | D:1      | Reached XP level 3. HP: 32/32 MP: 3/3
   198 | D:1      | 198 ||| INVOKING Spit Poison.
   218 | D:1      | 218 ||| INVOKING Spit Poison.
   226 | D:1      | 226 ||| INVOKING Spit Poison.
   278 | D:1      | 278 ||| INVOKING Spit Poison.
   283 | D:1      | 283 ||| INVOKING Spit Poison.
   294 | D:1      | 294 ||| INVOKING Spit Poison.
   360 | D:1      | 360 ||| INVOKING Spit Poison.
   387 | D:1      | 387 ||| INVOKING Spit Poison.
   394 | D:1      | 394 ||| READING scroll labelled HIAMEY WIS VUL.
   495 | D:1      | 495 ||| READING 3 scrolls labelled MENUEN KAKE.
   496 | D:1      | 496 ||| READING scroll labelled SETADU MUULO.
   497 | D:1      | 497 ||| READING 2 scrolls labelled BUOR RAMOTIV.
   498 | D:1      | 498 ||| READING 3 scrolls labelled HISHUM ROASUR.
   499 | D:1      | 499 ||| READING scroll labelled QEWEVV DEIFESU.
   500 | D:1      | 500 ||| DRINKING 2 sapphire potions.
   501 | D:1      | 501 ||| READING 2 scrolls of identify.
   501 | D:1      | 501 ||| IDENTIFYING bubbling silvery potion
   502 | D:1      | 502 ||| DROPPING scroll of butterflies.
   503 | D:1      | 503 ||| DROPPING 2 scrolls of blinking.
   504 | D:1      | 504 ||| DROPPING potion of enlightenment.
   505 | D:1      | 505 ||| DROPPING scroll of immolation.
   506 | D:1      | 506 ||| DROPPING potion of lignification.
   727 | D:2      | Identified the +8 dagger of Intuition {spect, rElec rC++}
   740 | D:2      | 740 ||| INVOKING Spit Poison.
   754 | D:2      | 754 ||| INVOKING Spit Poison.
   758 | D:2      | 758 ||| INVOKING Spit Poison.
   773 | D:2      | 773 ||| INVOKING Spit Poison.
   779 | D:2      | 779 ||| INVOKING Spit Poison.
   782 | D:2      | HP: 7/32 [poisoned by an adder]
   783 | D:2      | HP: 3/32 [adder (4)]
   785 | D:2      | 785 ||| INVOKING Spit Poison.
   905 | D:2      | 905 ||| INVOKING Spit Poison.
   912 | D:2      | 912 ||| INVOKING Spit Poison.
   938 | D:2      | 938 ||| INVOKING Spit Poison.
  1036 | D:2      | 1036 ||| INVOKING Spit Poison.
  1128 | D:2      | 1128 ||| INVOKING Spit Poison.
  1131 | D:2      | 1131 ||| INVOKING Spit Poison.
  1133 | D:2      | Reached skill level 5 in Ranged Weapons
  1135 | D:2      | Reached XP level 4. HP: 39/39 MP: 4/4
  1193 | D:2      | 1193 ||| INVOKING Spit Poison.
  1304 | D:2      | 1304 ||| INVOKING Spit Poison.
  1316 | D:2      | Found a faded altar of an unknown god.
  1372 | D:2      | 1372 ||| UPGRADING to ring of resist corrosion.
  1373 | D:2      | 1373 ||| READING scroll labelled MEHOUT KOWKU.
  1374 | D:2      | 1374 ||| READING scroll labelled IGHYWN WE HEAR.
  1390 | D:3      | 1390 ||| INVOKING Spit Poison.
  1494 | D:3      | 1494 ||| INVOKING Spit Poison.
  1552 | D:3      | Found a runed translucent door.
  1568 | D:3      | Noticed qw's ghost (amateur GrHu)
  1817 | D:3      | 1817 ||| INVOKING Spit Poison.
  1823 | D:3      | 1823 ||| INVOKING Spit Poison.
  1829 | D:3      | 1829 ||| INVOKING Spit Poison.
  1893 | D:3      | 1893 ||| INVOKING Spit Poison.
  2090 | D:3      | 2090 ||| INVOKING Spit Poison.
  2267 | D:3      | 2267 ||| UPGRADING to +4 ring of protection.
  2268 | D:3      | 2268 ||| READING 2 scrolls of identify.
  2268 | D:3      | 2268 ||| IDENTIFYING emerald potion
  2289 | D:4      | Noticed an ice beast
  2302 | D:4      | HP: 1/40 [ice beast (11)]
  2303 | D:4      | Slain by an ice beast

Levels and vault maps discovered:
D:1:      pf_arrival_petrified_forest, layout_basic
D:2:      layout_loops_ring, shapermc_ecumenical_altar_hornbeckon
D:3:      layout_basic, ebering_ghost_sewer_d
D:4:      layout_rooms, lightli_minifort

Skill      XL: |  1  2  3 |
---------------+----------+-----
Ranged Weapons | 4 5 |  5.0
Fighting       | |  2.5
Dodging        | |  1.5
Stealth        | |  1.5

Action                     |  1- 3 |  4- 6 || total
---------------------------+-------+-------++-------
   Fire: Shortbow          |    73 |    33 ||   106
Ability: Spit Poison       |    31 |     9 ||    40
    Use: Scroll            |     7 |     3 ||    10
         Potion            |     1 |       ||     1
 Armour: Leather armour    |     1 |     6 ||     7
  Dodge: Dodged            |    13 |     7 ||    20

Table legend:
 A = Non-vault XP
 B = Vault XP
 C = Vault XP percentage of total XP
 D = Non-vault monster count
 E = Vault monster count
 F = Vault count percentage of total count
                 A         B        C        D         E       F
            +---------+---------+-------+---------+---------+-------
      Total |     111 |       0 |   0.0 |      54 |       0 |   0.0
            +---------+---------+-------+---------+---------+-------
        D:1 |      52 |       0 |   0.0 |      31 |       0 |   0.0
        D:2 |      37 |       0 |   0.0 |      13 |       0 |   0.0
        D:3 |      22 |       0 |   0.0 |      10 |       0 |   0.0
            +---------+---------+-------+---------+---------+-------
